 Dungeon Crawl Stone Soup version 0.22.1-1-ga44c0e5 (webtiles) character file.

163 lysyklops the Skirmisher (level 5, 0/34 HPs)
             Began as a Gargoyle Fighter on Sept 30, 2018.
             Killed from afar by an electric eel (1 damage)
             ... with a bolt of electricity
             ... on level 3 of the Dungeon.
             The game lasted 00:08:28 (3039 turns).

lysyklops the Skirmisher (Gargoyle Fighter)         Turns: 3039, Time: 00:08:29

Health: 0/34       AC: 19    Str: 21    XL:     5   Next: 44%
Magic:  5/5        EV:  4    Int:  8    God:
Gold:   189        SH:  9    Dex:  9    Spells: 4/4 levels left

rFire    . . .     SeeInvis .   o - -2 mace (curse)
rCold    . . .     Gourm    .   c - +0 shield
rNeg     + + .     Faith    .   h - +0 plate armour
rPois    ∞         Spirit   .   i - +2 helmet
rElec    +         Reflect  .   (no cloak)
rCorr    .         Harm     .   (no gloves)
MR       .....                  (no boots)
Stlth    ..........             (no amulet)
HPRegen  0.11/turn              p - ring of positive energy
MPRegen  0.09/turn              (no ring)

@: no status effects
A: negative energy resistance 1, electricity resistance, unbreathing,
petrification resistance, rot immunity, AC +4
a: no special abilities


You were on level 3 of the Dungeon.
You were not hungry.

You visited 1 branch of the dungeon, and saw 3 of its levels.

You collected 189 gold pieces.

Inventory:

Hand Weapons
 a - a +0 flail
 o - a cursed -2 mace (weapon)
Armour
 c - a +0 shield (worn)
 h - a +0 plate armour (worn)
 i - a +2 helmet (worn)
Jewellery
 p - a ring of positive energy (left hand)
 u - an uncursed amulet of regeneration {unknown}
Wands
 w - a wand of flame (32)
Scrolls
 b - a scroll of magic mapping {unknown}
 e - a scroll of noise {unknown}
 g - a scroll of fear {unknown}
 j - 2 scrolls of remove curse {unknown}
 k - a scroll of blinking
 m - a scroll of immolation {unknown}
 r - 3 scrolls of identify
 s - a scroll of teleportation {unknown}
 t - a scroll of enchant armour {unknown}
Potions
 d - a potion of might
 l - a potion of flight {unknown}
 n - a potion of agility {unknown}
 q - a potion of lignification {unknown}
 v - a potion of heal wounds {unknown}
Comestibles
 f - 11 rations


   Skills:
 + Level 4.3 Fighting
 + Level 3.2 Maces & Flails
 + Level 4.2 Armour
 + Level 4.3 Shields


You had 4 spell levels left.
You didn't know any spells.
Your spell library was empty.

Dungeon Overview and Level Annotations

Branches:
Dungeon (3/15)

Altars:

Annotations:
D:3 1 transporter


Innate Abilities, Weirdness & Mutations

You are resistant to torment.
Your stone body is resilient. (AC +4)
You are immune to poison.
You resist negative energy. (rN+)
You are resistant to electric shocks. (rElec)
You can survive without breathing.
You are immune to petrification.
You are immune to rotting.


Message History

The electric eel is heavily wounded.
The electric eel shoots out a bolt of lightning at you!
The bolt of electricity hits you! You resist.
* * * LOW HITPOINT WARNING * * *
The bolt of electricity hits you! You resist.
* * * LOW HITPOINT WARNING * * *
You miss the electric eel.
The electric eel is heavily wounded.
The electric eel shoots out a bolt of lightning at you!
The bolt of electricity hits you! x2; You resist.
* * * LOW HITPOINT WARNING * * *
The electric eel shoots out a bolt of lightning at you!
The bolt of electricity misses you.
The electric eel shoots out a bolt of lightning at you!
The bolt of electricity hits you! You resist.
* * * LOW HITPOINT WARNING * * *
The bolt of electricity hits you!
The electric eel shoots out a bolt of lightning at you!
The bolt of electricity hits you! You resist.
You die...

#.#..###+###..# #.>#
#.#..#≈≈≈≈≈#..#
##.####
#.#..#≈≈≈≈≈#..# #.....
##.#..#≈≈≈P≈#..#
#.....
#..#..#≈P♣≈≈#..#
##....
######.##[.#≈≈≈P≈#..#
#....
##..........#≈...;#.##
#....
##...........#≈...;#.#
#####
#............###@###o#
#............#P...P#.#
#............#8.©.8#.#
#............#######.#
#...............©....#
##................####
##[....#........##
################


You could see 2 electric eels and an orc.

Vanquished Creatures
  Robin (D:2)
  A gnoll (D:1)
  8 adders
  An ooze (D:1)
  A worm (D:2)
  A dart slug (D:2)
  A leopard gecko (D:3)
  2 orcs (D:3)
  3 giant cockroaches
  17 goblins
  8 hobgoblins
  5 kobolds
  5 bats
  A frilled lizard (D:2)
  7 rats
62 creatures vanquished.

Notes
Turn   | Place    | Note
-------+----------+-------------------------------------------
     0 | D:1      | lysyklops the Gargoyle Fighter began the quest for the Orb.
     0 | D:1      | Reached XP level 1. HP: 14/14 MP: 1/1
   117 | D:1      | Reached XP level 2. HP: 19/19 MP: 2/2
   432 | D:1      | Reached XP level 3. HP: 23/23 MP: 3/3
  1211 | D:2      | Noticed Robin
  1260 | D:1      | Reached XP level 4. HP: 25/29 MP: 4/4
  1748 | D:2      | Killed Robin
  1884 | D:2      | Reached XP level 5. HP: 24/33 MP: 5/5
  2539 | D:3      | Found a transporter.
  2569 | D:3      | Found a transporter.
  2735 | D:3      | HP: 1/34 [electric eel/bolt of electricity (3)]
  3039 | D:3      | HP: 1/34 [electric eel/bolt of electricity (2)]
  3039 | D:3      | Killed from afar by an electric eel

Skill      XL: |  1  2  3  4 |
---------------+-------------+-----
Fighting       | 4 |  4.3
Shields        | 4 |  4.3
Armour         | 4 |  4.2
Maces & Flails | 3 |  3.2

Action                   |  1- 3 |  4- 6 || total
-------------------------+-------+-------++-------
Melee: Flail             |   138 |       ||   138
       Mace              |    28 |   251 ||   279
  Use: Scroll            |       |     2 ||     2
  Eat: Chunk             |     1 |     5 ||     6
       Ration            |       |     1 ||     1
Armor: Scale mail        |    16 |       ||    16
       Plate armour      |   166 |   223 ||   389
Dodge: Dodged            |    38 |    52 ||    90
Block: Shield            |   131 |   149 ||   280
